 Dungeon Crawl Stone Soup version 0.28-b1-25-g9875b3fc8c (webtiles) character file.

Game seed: 16129946821557046629

32 mopl the Sneak (level 3, -3/26 HPs)
             Began as an Octopode Delver on Feb 7, 2022.
             Was an Initiate of Dithmenos.
             Slain by an iguana (8 damage)
             ... on level 5 of the Dungeon.
             The game lasted 00:01:00 (314 turns).

mopl the Sneak (Octopode Delver)                     Turns: 314, Time: 00:01:01

Health: -3/26      AC:  1    Str: 11    XL:     3   Next: 25%
Magic:  3/3        EV: 13    Int: 12    God:    Dithmenos [......]
Gold:   15         SH:  0    Dex: 15    Spells: 2/2 levels left

rFire   . . .      SeeInvis .   a - +0 falchion
rCold   . . .      Faith    .   (no shield)
rNeg    . . .      Spirit   .   (helmet restricted)
rPois   .          Reflect  .   (no amulet)
rElec   .          Harm     .   (no ring)
rCorr   .          Rampage  .   (no ring)
Will    .....                   (no ring)
Stlth   ++++......              (no ring)
HPRegen 0.08/turn               (no ring)
MPRegen 0.08/turn               (no ring)
                                (no ring)
                                (no ring)

@: no status effects
A: almost no armour, amphibious, 8 rings, camouflage 1, gelatinous body 1,
(nimble swimmer 1), tentacles
a: Renounce Religion


You were on level 5 of the Dungeon.
You worshipped Dithmenos.
Dithmenos was noncommittal.
You visited 1 branch of the dungeon, and saw 2 of its levels.

You collected 15 gold pieces.

Inventory:

Hand Weapons
 a - a +0 falchion (weapon)
Wands
 f - a wand of digging (3)
Scrolls
 b - a scroll of fog
 c - a scroll of magic mapping
 d - 2 scrolls of fear
Potions
 e - a potion of haste


   Skills:
 + Level 3.2 Fighting
 * Level 2.5 Long Blades
 + Level 2.3 Dodging
 + Level 6.8 Stealth
 + Level 0.9 Invocations


You had 2 spell levels left.
You didn't know any spells.
Your spell library contained the following spells:

 Spells                   Type           Power      Damage    Failure   Level
 Apportation              Tloc           0%         N/A       32%         1
 Alistair's Intoxication  Tmut/Pois      0%         N/A       100%        5


Dungeon Overview and Level Annotations

Branches:
Dungeon (6/15)
 Temple: D:4-7

Altars:
Dithmenos


Innate Abilities, Weirdness & Mutations

You cannot wear most types of armour.
You are amphibious.
You can wear up to eight rings at the same time.
Your skin changes colour to match your surroundings (Stealth+).
Your rubbery body absorbs attacks. (AC +1, EV +1)
((You are camouflaged when in or above water. (Stealth+)))
You have tentacles for arms and can constrict up to eight enemies at once.


Message History

You kill the frilled lizard!
Dithmenos accepts your kill.
You start resting.
HP restored.
There is a stone staircase leading up here.
You climb upwards.
The frilled lizard bites you but does no damage.
A frilled lizard comes into view.
The frilled lizard bites you.
Something bites the plant.
The plant begins to die.
The frilled lizard moves out of view.
There is a stone staircase leading down, spattered with blood here.
The frilled lizard misses you.
You climb downwards.
There is a stone staircase leading up here.
You barely miss the frilled lizard. You grab the frilled lizard.
You squeeze the frilled lizard.
You kill the frilled lizard!
Dithmenos accepts your kill.
No target in view!
There is an escape hatch in the ceiling here.
A mysterious force pulls you upwards. The hatch slams shut behind you.
Found a book of Party Tricks.
Found 21 gold pieces.
An iguana comes into view.
Found 2 dark potions.
The iguana hisses angrily.
You see here a book of Party Tricks.
You pick up a book of Party Tricks and begin reading...
You add the spells Apportation and Alistair's Intoxication to your library.
You closely miss the iguana. You grab the iguana. You constrict the iguana.
The iguana bites you!
You hit the iguana.
The iguana is lightly wounded.
You constrict the iguana. The iguana bites you!
* * * LOW HITPOINT WARNING * * *
You hit the iguana. You squeeze the iguana.
The iguana is severely wounded.
You constrict the iguana, but do no damage.
The iguana bites you!
You die...

### ..# #.# #.#
#######.#
........# ##.##
##...#######
#......l@..#
#####...#####.#
!.........# #
......#.#.#
......#.#.#
......#.#$.
............
..... #...###
.... ##..#


You could see an iguana.

Vanquished Creatures
  A bullfrog zombie (D:5)
  2 frilled lizards (D:6)
3 creatures vanquished.

Vanquished Creatures (others)
  6 plants (D:5)
6 creatures vanquished.

Grand Total: 9 creatures vanquished

Notes
Turn   | Place    | Note
-------+----------+-------------------------------------------
     0 | D:5      | mopl the Octopode Delver began the quest for the Orb.
     0 | D:5      | Reached XP level 1. HP: 16/16 MP: 1/1
     2 | D:5      | Found a shadowy altar of Dithmenos.
    10 | D:5      | Became a worshipper of Dithmenos the Shadowed
    72 | D:5      | Reached XP level 2. HP: 11/21 MP: 2/2
    72 | D:5      | Reached XP level 3. HP: 14/26 MP: 3/3
   314 | D:5      | Slain by an iguana

Illustrated notes

Levels and vault maps discovered:
D:5:      layout_loops_ring, nicolae_overflow_hidden_temple, abandoned_shop,
          grunt_ministairs_10, minmay_lizard_king
D:6:      layout_loops_ring, nicolae_elevator_lobby_plus, uniq_prince_ribbit1

Action                   || total
-------------------------++-------
Melee: Falchion          ||    13
       Tentacles         ||     6
       Constrict         ||     4
Armor: Skin              ||     3
Dodge: Dodged            ||     4
